Map: Acid Plant LE

Players

Neeb - Winner!

  • Race: Protoss Protoss
  • Spawn Location: 11:00

ShoWTimE

  • Race: Protoss Protoss
  • Spawn Location: 5:00

Event: WCS Leipzig 2018

VOD

Have the link to the VOD?

Description

Time

  • Played on: Jan. 28, 2018, 5:27 a.m.
  • Length: 9:31

All games in this series

Show
View Real Time Build Order
Export as new Build Order

Neeb Protoss - Winner!

Build Orders: Phoenix Opening, Chargelot Immortal 

Get SALT Encoding   

  12  0:00  Probe  
  13  0:12  Probe  
  14  0:17  Pylon  
  14  0:25  Probe (Chrono Boost)  
  15  0:37  Probe (Chrono Boost)  
  15  0:39  Gateway  
  16  0:45  Probe (Chrono Boost)  
  16  0:46  Assimilator  
  17  0:51  Probe  
  17  0:56  Assimilator  
  18  1:03  Probe  
  19  1:07  Gateway  
  19  1:15  Probe  
  20  1:26  Cybernetics Core  
  20  1:27  Probe  
  20  1:31  Pylon  
  21  1:39  Probe  
  22  1:51  Probe  
  23  2:00  Warp Gate (Chrono Boost)  
  23  2:01  Stalker  
  23  2:02  Stalker  
  27  2:12  Probe  
  27  2:14  Pylon  
  28  2:35  Nexus  
  28  2:38  Probe  
  29  2:47  Stargate  
  29  2:50  Probe  
  30  3:04  Pylon  
  31  3:14  Stalker  
  31  3:15  Stalker  
  31  3:19  Shield Battery  
  34  3:25  Probe  
  35  3:29  Phoenix (Chrono Boost)  
  37  3:52  Stalker  
  37  3:53  Stalker  
  39  3:58  Phoenix (Chrono Boost)  
  39  4:00  Probe  
  39  4:01  Probe  
  42  4:12  Probe  
  42  4:13  Probe  
  42  4:14  Phoenix (Chrono Boost)  
  45  4:25  Probe x2  
  47  4:36  Phoenix (Chrono Boost)  
  47  4:37  Probe x2  
  51  4:49  Probe x2  
  53  4:54  Phoenix (Chrono Boost)  
  53  4:55  Pylon  
  53  4:59  Robotics Facility  
  55  5:01  Probe x2  
  57  5:13  Probe x2  
  59  5:16  Phoenix (Chrono Boost)  
  59  5:19  Assimilator  
  59  5:20  Assimilator  
  61  5:25  Probe x2  
  61  5:26  Pylon  
  63  5:29  Forge  
  63  5:37  Probe  
  63  5:38  Probe, Sentry  
  63  5:40  Pylon  
  67  5:49  Probe  
  68  5:50  Probe  
  68  5:53  Immortal (Chrono Boost)  
  71  5:57  Protoss Ground Weapons Level 1 (Chrono Boost)  
  71  6:01  Gateway  
  72  6:06  Gateway  
  73  6:11  Pylon  
  71  6:22  Nexus  
  71  6:23  Probe x2  
  71  6:25  Observer  
  74  6:27  Sentry  
  74  6:30  Pylon  
  76  6:39  Pylon  
  76  6:40  Twilight Council  
  76  6:45  Immortal  
  76  6:49  Gateway  
  76  6:51  Gateway  
  80  7:10  Gateway  
  80  7:12  Gateway  
  80  7:17  Charge  
  80  7:18  Templar Archives  
  80  7:24  Immortal  
  80  7:29  Probe x2  
  86  7:35  Probe  
  87  7:41  Probe x2  
  87  7:50  Zealot x3  
  91  7:59  Pylon  
  91  8:02  Zealot  
  91  8:03  High Templar x2, Immortal (Chrono Boost), Pylon  
  101  8:09  Archon  
  101  8:10  Pylon  
  101  8:15  Photon Cannon  
  101  8:17  Stalker  
  103  8:23  Zealot x3  
  102  8:37  Zealot x4  
  110  8:44  Stalker  
  94  8:51  Stalker x2  
  88  9:00  Zealot x4  
Show
View Real Time Build Order
Export as new Build Order

ShoWTimE Protoss 

Build Orders: Oracle Opening 

Get SALT Encoding   

  12  0:00  Probe  
  13  0:12  Probe  
  14  0:17  Pylon  
  14  0:24  Probe (Chrono Boost)  
  15  0:36  Probe (Chrono Boost)  
  15  0:37  Gateway  
  16  0:45  Probe (Chrono Boost)  
  16  0:46  Assimilator  
  17  0:51  Probe (Chrono Boost)  
  17  0:54  Assimilator  
  18  1:03  Probe (Chrono Boost)  
  19  1:08  Gateway  
  20  1:11  Probe (Chrono Boost)  
  20  1:17  Probe  
  20  1:24  Cybernetics Core  
  21  1:29  Probe  
  22  1:35  Pylon  
  22  1:41  Probe  
  23  1:53  Probe  
  18  2:01  Stalker x2  
  24  2:02  Warp Gate  
  24  2:06  Pylon  
  28  2:13  Pylon  
  28  2:26  Stargate  
  28  2:37  Stalker  
  28  2:41  Stalker  
  32  3:08  Oracle (Chrono Boost)  
  35  3:15  Nexus  
  35  3:23  Shield Battery  
  35  3:29  Pylon  
  38  3:45  Probe  
  36  3:58  Probe  
  36  3:59  Twilight Council  
  32  4:10  Probe, Zealot  
  32  4:12  Sentry  
  37  4:19  Shield Battery  
  38  4:25  Probe (Chrono Boost)  
  38  4:27  Probe (Chrono Boost)  
  38  4:31  Blink (Chrono Boost)  
  39  4:37  Probe (Chrono Boost), Stalker  
  39  4:38  Probe (Chrono Boost)  
  43  4:41  Stalker  
  43  4:43  Probe  
  46  4:46  Probe  
  47  4:56  Forge  
  47  4:57  Probe  
  47  4:59  Probe  
  49  5:06  Stalker  
  51  5:09  Probe  
  51  5:11  Probe  
  53  5:16  Pylon  
  53  5:19  Stalker  
  56  5:21  Probe  
  56  5:23  Probe  
  57  5:29  Robotics Facility  
  57  5:33  Protoss Ground Weapons Level 1  
  57  5:39  Stalker  
  59  5:43  Pylon  
  56  5:52  Probe  
  56  5:56  Probe (Chrono Boost)  
  54  6:02  Nexus  
  54  6:04  Probe (Chrono Boost)  
  54  6:12  Probe (Chrono Boost)  
  54  6:13  Probe (Chrono Boost)  
  54  6:16  Observer  
  54  6:18  Probe (Chrono Boost), Gateway  
  56  6:19  Probe  
  56  6:23  Gateway  
  56  6:25  Resonating Glaives (Chrono Boost)  
  58  6:30  Probe  
  59  6:34  Gateway  
  59  6:40  Gateway  
  59  6:47  Gateway  
  59  6:51  Gateway  
  59  6:53  Probe  
  60  6:54  Probe  
  60  6:59  Warp Prism (Chrono Boost)  
  63  7:08  Adept x2  
  63  7:12  Pylon  
  63  7:15  Adept  
  69  7:28  Probe x3  
  72  7:36  Adept x5  
  74  7:58  Adept x5  
  84  8:05  Adept x3  
  88  8:12  Pylon  
  83  8:36  Adept x6  
  83  8:37  Adept  
  83  8:41  Adept  
  69  9:03  Adept  
  69  9:04  Adept x5  
  69  9:07  Sentry x2  
Tags
 
Add a new tag
Caveats
  • Supply blocks, unpowered buildings, or Contaminate may cause inaccurate times.
  • Supply counts are checked every 10 seconds.